Map: Ascension to Aiur LE

Players

Daljones

  • Race: Zerg Zerg
  • League: Platinum
  • Spawn Location: 11:00

Yata - Winner!

  • Race: Zerg Zerg
  • League: Platinum
  • Spawn Location: 5:00

VOD

Have the link to the VOD?

Description

Time

  • Played on: Oct. 4, 2017, 11:16 p.m.
  • Length: 7:37
Show
View Real Time Build Order
Export as new Build Order

Daljones Zerg 

Build Orders: Pool First 

Get SALT Encoding   

  12  0:02  Drone  
  13  0:25  Overlord  
  13  0:27  Drone  
  14  0:37  Spawning Pool  
  14  0:41  Drone  
  14  0:44  Drone  
  15  0:57  Extractor  
  14  1:02  Drone  
  15  1:23  Zergling x2  
  15  1:24  Zergling x4  
  18  1:27  Queen  
  20  1:39  Hatchery  
  19  1:43  Drone  
  20  2:00  Overlord  
  20  2:03  Metabolic Boost  
  20  2:15  Drone x2  
  22  2:23  Drone  
  23  2:42  Drone x4  
  27  2:44  Queen  
  29  2:55  Drone  
  29  2:56  Drone  
  31  3:12  Queen  
  31  3:19  Baneling Nest  
  32  3:21  Extractor  
  32  3:22  Roach Warren  
  30  3:28  Drone x2  
  30  3:29  Drone  
  33  3:46  Drone x3  
  36  3:49  Overlord x2  
  36  4:16  Roach  
  47  4:17  Roach x5  
  47  4:24  Baneling  
  47  4:25  Baneling x3  
  47  4:35  Roach x2  
  51  4:52  Overlord  
  51  4:53  Overlord x3  
  51  4:56  Lair  
  51  5:02  Evolution Chamber  
  51  5:06  Evolution Chamber  
  49  5:15  Roach x3  
  49  5:17  Drone  
  56  5:31  Pneumatized Carapace  
  54  5:44  Roach  
  54  5:45  Roach x4  
  64  5:59  Drone  
  64  6:01  Drone  
  66  6:10  Drone x2  
  66  6:11  Drone x2  
  70  6:35  Ravager x2  
  70  6:38  Ravager  
  73  6:40  Drone  
  73  6:41  Drone x7  
Show
View Real Time Build Order
Export as new Build Order

Yata Zerg - Winner!

Build Orders: Hatch First 

Get SALT Encoding   

  12  0:00  Drone  
  13  0:12  Overlord  
  13  0:17  Drone  
  14  0:30  Drone  
  14  0:31  Drone  
  16  0:37  Drone  
  17  0:55  Drone  
  17  0:57  Hatchery  
  17  0:59  Drone  
  18  1:09  Extractor  
  17  1:15  Spawning Pool  
  17  1:18  Drone  
  17  1:21  Drone  
  18  1:28  Drone  
  19  1:39  Overlord  
  19  1:50  Drone  
  20  2:00  Drone  
  21  2:04  Queen  
  23  2:08  Queen  
  23  2:12  Metabolic Boost  
  23  2:13  Zergling x2  
  23  2:14  Zergling x2  
  27  2:19  Drone  
  28  2:23  Drone  
  29  2:31  Zergling x2  
  30  2:38  Zergling x2  
  30  2:52  Baneling Nest  
  30  2:54  Drone x4  
  30  2:56  Evolution Chamber  
  32  3:05  Drone  
  32  3:06  Drone  
  32  3:12  Extractor  
  33  3:18  Drone x3  
  36  3:29  Overlord  
  36  3:30  Overlord x2  
  36  3:39  Pneumatized Carapace  
  36  3:50  Drone x3  
  36  3:51  Drone  
  36  3:53  Zerg Melee Weapons Level 1  
  40  3:59  Zergling x6  
  43  4:06  Drone x2  
  45  4:16  Drone x2  
  47  4:28  Roach Warren  
  47  4:29  Zergling x10  
  51  4:52  Lair  
  51  4:56  Overlord x4  
  51  4:59  Hatchery  
  50  5:14  Queen  
  50  5:20  Roach x6  
  64  5:29  Drone  
  64  5:31  Drone x3  
  56  5:39  Roach  
  56  5:40  Roach x3  
  64  5:51  Glial Reconstitution  
  64  6:01  Drone  
  64  6:02  Drone x5  
  70  6:09  Roach  
  70  6:10  Roach x2  
  74  6:28  Roach x4  
  74  6:32  Overlord x2  
  82  6:33  Overlord  
  82  6:51  Roach  
  82  6:52  Roach x8  
  100  7:13  Roach  
  100  7:14  Roach x3  
Tags
 
Add a new tag
Caveats
  • Supply blocks, unpowered buildings, or Contaminate may cause inaccurate times.
  • Supply counts are checked every 10 seconds.